 Dungeon Crawl Stone Soup version 0.23.2-1-ga50397a (webtiles) character file.

Game seed: 18072448416974166872

11849 diana the Fighter (level 11, -1/87 HPs)
             Began as a Demonspawn Fighter on May 24, 2019.
             Was an Elder of Makhleb.
             Slain by Rupert
             ... wielding a +3 battleaxe of chopping
              (7 damage)
             ... on level 12 of the Dungeon.
             The game lasted 00:13:32 (8585 turns).

diana the Fighter (Demonspawn Fighter)              Turns: 8585, Time: 00:13:33

Health: -1/87      AC: 13    Str: 20    XL:     11   Next: 54%
Magic:  11/11      EV: 14    Int:  9    God:    Makhleb [****..]
Gold:   89         SH: 13    Dex: 13    Spells: 10/10 levels left

rFire    . . .     SeeInvis .   A - +10 flail of Hucs {vamp, MR+}
rCold    + . .     Gourm    .   u - +2 shield
rNeg     . . .     Faith    .   e - +2 scale mail of Agnosticism {+Blink Slay+5}
rPois    .         Spirit   .   x - +0 hat
rElec    .         Reflect  .   (no cloak)
rCorr    .         Harm     .   (no gloves)
MR       +....                  (no boots)
Stlth    ..........             (no amulet)
HPRegen  0.24/turn              y - +1 ring of protection
MPRegen  0.12/turn              C - +2 ring of evasion

@: no status effects
A: talons 2, yellow scales 1, cold resistance 1, rot immunity
a: Minor Destruction, Lesser Servant of Makhleb, Major Destruction, Renounce
Religion, Evoke Blink


You were on level 12 of the Dungeon.
You worshipped Makhleb.
Makhleb was greatly pleased with you.
You were very hungry.

You visited 2 branches of the dungeon, and saw 13 of its levels.
You also visited: Sewer.

You collected 434 gold pieces.
You spent 345 gold pieces at shops.

Inventory:

Hand Weapons
 a - a +0 war axe
 A - the +10 flail of Hucs (weapon) {vamp, MR+}
   (You found it on level 5 of the Dungeon)

   It inflicts no extra harm, but heals its wielder when it wounds a living foe.
   It affects your resistance to hostile enchantments.
Armour
 e - the +2 scale mail of Agnosticism (worn) {+Blink Slay+5}
   (You found it on level 4 of the Dungeon)

   It affects your accuracy and damage with ranged weapons and melee attacks
   (+5).
   It lets you blink.
 u - a +2 shield (worn)
 x - a +0 hat (worn)
Jewellery
 o - a +2 ring of dexterity {unknown}
 y - a +1 ring of protection (left hand)
 C - a +2 ring of evasion (right hand)
Wands
 B - a wand of acid (6)
Scrolls
 b - 9 scrolls of teleportation
 c - 3 scrolls of fear
 h - a scroll of immolation
 j - a scroll of random uselessness
 k - 3 scrolls of identify
 m - 3 scrolls of remove curse
 n - 4 scrolls of amnesia
 t - 3 scrolls of fog
 E - a scroll of enchant armour
Potions
 d - 3 potions of might
 g - 3 potions of haste
 i - a potion of flight
 l - 2 potions of curing
 p - 2 potions of heal wounds
 q - a potion of agility
 r - 3 potions of degeneration
 s - a potion of mutation
 w - a potion of cancellation
 z - a potion of resistance
 D - a potion of ambrosia
Comestibles
 f - 15 rations


   Skills:
 + Level 8.3 Fighting
 + Level 7.2(8.2) Axes
 + Level 6.0(7.7) Maces & Flails
 + Level 7.5 Armour
 + Level 7.1 Dodging
 + Level 7.7 Shields


You had 10 spell levels left.
You didn't know any spells.
Your spell library contained the following spells:

 Spells                   Type           Power        Failure   Level  Hunger
 Magic Dart               Conj           #...         95%         1    ##.....
 Searing Ray              Conj           #.....       98%         2    ###....
 Dazzling Spray           Conj/Hex       #.....       100%        3    ####...
 Force Lance              Conj/Tloc      #.......     100%        4    #####..
 Fulminant Prism          Conj/Hex       #.........   100%        4    #####..
 Iskenderun's Mystic Bla  Conj           #.......     100%        4    #####..


Dungeon Overview and Level Annotations

Branches:
Dungeon (12/15)            Temple (1/1) D:6            Lair (0/6) D:11
    Orc (0/2) D:10

Altars:
Ashenzari
Cheibriados
Dithmenos
Elyvilon
Fedhas
Gozag
Hepliaklqana
Kikubaaqudgha
Makhleb
Nemelex Xobeh
Okawaru
Qazlal
Ru
Sif Muna
Trog
Uskayaw
Vehumet
Wu Jian
Xom
Yredelemnul
Zin
The Shining One

Shops:
D:10 (%?*:

Annotations:
D:12 Rupert


Innate Abilities, Weirdness & Mutations

You have razor-sharp toenails.
You are partially covered in yellow scales. (AC +2)
Your flesh is cold resistant. (rC+)
You are immune to rotting.


Message History

You block the centaur's attack.
The centaur unwields a +0 shortbow.
The centaur hits you. The centaur closely misses you. The centaur hits you.
You block the centaur's attack. The centaur completely misses you.
Rupert hits you but does no damage.
You thump the centaur!
You feel better.
You kill the centaur!
Makhleb accepts your kill.
You feel better. The centaur misses you. The centaur barely misses you.
Rupert hits you with a +3 battleaxe of chopping!!
The centaur misses you.
Unknown command.
Throwing (i - inventory)
v - a throwing net (quivered)
Press: ? - help, Shift-Dir - straight line, f - Rupert
Aim: Rupert, wielding a +3 battleaxe of chopping and wearing a +0 ring mail (berserk, fast, unusually strong)
You throw a throwing net. The throwing net barely misses Rupert.
The throwing net hits the centaur.
The centaur is caught in the net!
The centaur hits you but does no damage.
Rupert hits you with a +3 battleaxe of chopping!!
* * * LOW HITPOINT WARNING * * *
You die...

####.###### #.# ####.#
######### #....#
#........ ##.########
#........ ..........####
#....$...
.............###........
..........##..##cc.>....
..........###..(@@c.....
###.####### ####)c......
#... #........ ####..
####...## .# ##... # ..
.


You could see Rupert (berserk) and 4 centaurs.

Vanquished Creatures
  A two-headed ogre (D:10)
  An ugly thing (D:10)
  An elephant (D:11)
  A troll (D:9)
  3 hippogriffs
  Sigmund (D:2)
  A wraith (D:12)
  A human (D:10)
  17 yaks (D:11)
  2 basilisks (D:11)
  4 hogs (D:10)
  An acid dragon (D:12)
  Duvessa (D:7)
  Purgy (Sewer)
  2 sky beasts
  6 orc warriors
  5 black bears
  2 phantoms
  6 centaurs
  4 ogres
  A crocodile (D:10)
  A big kobold (D:8)
  Blork the orc (D:6)
  4 bullfrogs
  5 scorpions
  Dowan (D:7)
  2 water moccasin skeletons
  14 wights
  A howler monkey (D:10)
  2 crimson imps
  2 bullfrog zombies
  4 hounds
  3 jellies
  3 orc priests
  A centaur zombie (D:6)
  7 orc wizards
  6 bullfrog skeletons
  A gnoll shaman (D:4)
  3 centaur skeletons
  Terence (D:2)
  2 iguanas
  5 worker ants
  A hound zombie (D:7)
  A howler monkey skeleton (D:4)
  2 worker ant zombies
  8 gnolls
  15 adders
  3 shadow imps
  An ooze (D:3)
  An adder skeleton (D:7)
  An adder zombie (D:7)
  A worm (D:2)
  3 leopard geckos
  56 orcs
  4 giant cockroaches
  8 goblins
  6 hobgoblins
  10 jackals
  10 kobolds
  2 quokkas
  3 ball pythons
  7 bats
  3 frilled lizards
  A jackal skeleton (D:8)
  A quokka skeleton (D:8)
  A quokka zombie (D:6)
  13 rats
293 creatures vanquished.

Notes
Turn   | Place    | Note
-------+----------+-------------------------------------------
     0 | D:1      | diana the Demonspawn Fighter began the quest for the Orb.
     0 | D:1      | Reached XP level 1. HP: 18/18 MP: 1/1
   289 | D:1      | Gained mutation: You are partially covered in yellow
                  | scales. (AC +2) [demonic ancestry]
   289 | D:1      | Reached XP level 2. HP: 22/24 MP: 2/2
   710 | D:2      | Noticed Sigmund
   798 | D:2      | Noticed Terence
   825 | D:2      | Killed Terence
   825 | D:2      | Reached skill level 1 in Dodging
   825 | D:2      | Reached XP level 3. HP: 27/29 MP: 3/3
  1012 | D:2      | Killed Sigmund
  1012 | D:2      | Gained mutation: You are immune to rotting. [demonic
                  | ancestry]
  1012 | D:2      | Reached XP level 4. HP: 37/37 MP: 4/4
  1012 | D:2      | Gained mutation: You have sharp toenails. [demonic
                  | ancestry]
  1012 | D:2      | Reached XP level 5. HP: 42/42 MP: 5/5
  1129 | D:2      | Found a faded altar of an unknown god.
  1721 | D:3      | Found a glowing drain.
  1735 | Sewer    | Entered a sewer
  1748 | Sewer    | Noticed Purgy
  1755 | Sewer    | Killed Purgy
  1755 | Sewer    | Reached skill level 4 in Fighting
  1755 | Sewer    | Gained mutation: You have razor-sharp toenails. [demonic
                  | ancestry]
  1755 | Sewer    | Reached XP level 6. HP: 32/48 MP: 6/6
  2304 | D:4      | Got a polished scale mail
  2315 | D:4      | Identified the +2 scale mail of Agnosticism {+Blink Slay+5}
                  | (You found it on level 4 of the Dungeon)
  2612 | D:4      | Reached XP level 7. HP: 52/55 MP: 7/7
  3160 | D:5      | Entered Level 5 of the Dungeon
  3476 | D:5      | Found a sacrificial altar of Ru.
  3632 | D:5      | Found a bloodstained altar of Trog.
  3639 | D:5      | Got a smoking flail
  3640 | D:5      | Identified the +10 flail of Hucs {vamp, MR+} (You found it
                  | on level 5 of the Dungeon)
  3712 | D:6      | Got a crude flail
  3713 | D:6      | Identified the cursed +1 flail of Agony {freeze, Dex+2}
                  | (You found it on level 6 of the Dungeon)
  3725 | D:6      | Noticed Blork the orc
  3743 | D:6      | Killed Blork the orc
  3743 | D:6      | Reached skill level 5 in Fighting
  3743 | D:6      | Reached XP level 8. HP: 51/62 MP: 8/8
  3849 | D:6      | Reached skill level 1 in Maces & Flails
  3853 | D:6      | Found a staircase to the Ecumenical Temple.
  3883 | Temple   | Entered the Ecumenical Temple
  4015 | Temple   | Became a worshipper of Makhleb the Destroyer
  4093 | D:6      | Reached skill level 5 in Shields
  4316 | D:6      | Reached skill level 5 in Armour
  4738 | D:7      | Noticed Duvessa
  4738 | D:7      | Noticed Dowan
  4741 | D:7      | Killed Dowan
  4746 | D:7      | Killed Duvessa
  4839 | D:7      | Found a hide-covered altar of Uskayaw.
  5047 | D:8      | Gained mutation: Your flesh is cold resistant. (rC+)
                  | [demonic ancestry]
  5047 | D:8      | Reached XP level 9. HP: 63/69 MP: 9/9
  5074 | D:8      | Reached * piety under Makhleb
  5098 | D:8      | Reached skill level 5 in Axes
  5308 | D:8      | Reached skill level 6 in Fighting
  5791 | D:9      | Found a shattered altar of Ashenzari.
  5791 | D:9      | Found an ornate altar of the Wu Jian Council.
  5791 | D:9      | Found a white marble altar of Elyvilon.
  5897 | D:9      | Noticed a troll
  5902 | D:9      | Killed a troll
  5902 | D:9      | Reached skill level 5 in Dodging
  5957 | D:9      | Reached ** piety under Makhleb
  6478 | D:10     | Entered Level 10 of the Dungeon
  6478 | D:10     | Found Econa's Assorted Antiques.
  6479 | D:10     | Noticed a two-headed ogre
  6575 | D:9      | Reached XP level 10. HP: 68/77 MP: 10/10
  6686 | D:10     | Bought a transparent ring mail for 243 gold pieces
  6696 | D:10     | Identified the cursed +1 ring mail "Pymumedosh" {rF+} (You
                  | bought it in a shop on level 10 of the Dungeon)
  6720 | D:10     | Killed a two-headed ogre
  6728 | D:10     | Reached skill level 7 in Fighting
  6759 | D:10     | Found Qyub's Food Shop.
  6932 | D:10     | Noticed a purple ugly thing
  6936 | D:10     | Reached *** piety under Makhleb
  6943 | D:10     | Killed a purple ugly thing
  7000 | D:10     | Reached skill level 5 in Maces & Flails
  7020 | D:10     | Found Ycoschown's Magic Scroll Boutique.
  7032 | D:10     | Bought a scroll of identify for 34 gold pieces
  7032 | D:10     | Bought a scroll of identify for 34 gold pieces
  7032 | D:10     | Bought a scroll of identify for 34 gold pieces
  7143 | D:10     | Found Xeydoal's Antique Weapon Shoppe.
  7542 | D:10     | Found a staircase to the Orcish Mines.
  7600 | D:10     | Found Xeloriry's Book Emporium.
  7859 | D:11     | Reached XP level 11. HP: 85/85 MP: 11/11
  7919 | D:11     | Found a staircase to the Lair.
  7961 | D:11     | Reached skill level 8 in Fighting
  7977 | D:11     | Reached **** piety under Makhleb
  8401 | D:11     | Found an iron altar of Okawaru.
  8577 | D:12     | Noticed Rupert
  8585 | D:12     | Slain by Rupert

Skill      XL: |  1  2  3  4  5  6  7  8  9 10 11 |
---------------+----------------------------------+-----
Axes           | 2 3 4 5 6 7 |  7.2
Armour         | 3 4 5 6 7 |  7.5
Dodging        | 1 2 3 4 5 6 7 |  7.1
Shields        | 3 4 5 6 7 |  7.7
Fighting       | 4 5 6 7 8 |  8.3
Maces & Flails | 2 4 5 6 |  6.0

Action                   |  1- 3 |  4- 6 |  7- 9 | 10-12 || total
-------------------------+-------+-------+-------+-------++-------
Melee: War axe           |   127 |   122 |    51 |       ||   300
       Kick              |       |    36 |    76 |    86 ||   198
       Flail             |       |       |   221 |   240 ||   461
Throw: Throwing net      |       |       |       |     1 ||     1
  Use: Potion            |     4 |       |     2 |       ||     6
       Scroll            |       |     4 |     2 |    12 ||    18
  Eat: Chunk             |       |     6 |     6 |     7 ||    19
       Ration            |       |       |     3 |       ||     3
Armor: Scale mail        |    50 |    13 |   155 |    79 ||   297
       Ring mail         |    13 |    40 |       |       ||    53
       Skin              |     2 |     1 |       |       ||     3
Dodge: Dodged            |    45 |    54 |   122 |   147 ||   368
Block: Shield            |    47 |    74 |   239 |   185 ||   545
